 Dungeon Sprint DCSS version 0.28.0-43-g3370ac3207 (webtiles) character file.

Game seed: 6671772089805302302

532 Groucho the Pandemonic (level 7, -1/70 HPs)
             Began as a Deep Dwarf Fighter on Mar 27, 2022.
             Was a High Priest of Makhleb.
             Slain by an ice devil (17 damage)
             ... in the Dungeon (Sprint VII: "The Pits").
             The game lasted 00:03:28 (376 turns).

Groucho the Pandemonic (Deep Dwarf Fighter)          Turns: 376, Time: 00:03:28

Health: -1/70      AC: 15    Str: 21    XL:     7   Next: 4%
Magic:  13/13      EV:  6    Int:  9    God:    Makhleb [*****.]
Gold:   0          SH:  6    Dex: 12    Spells: 6/6 levels left

rFire   . . .      SeeInvis .   b - +2 hand axe (freeze)
rCold   . . .      Faith    .   c - +0 buckler
rNeg    . . .      Spirit   .   f - +2 plate armour
rPois   .          Reflect  .   (no helmet)
rElec   .          Harm     .   (no cloak)
rCorr   .          Rampage  .   (no gloves)
Will    +....      NoTele   +   (no boots)
Stlth   ..........              (no amulet)
HPRegen 0.00/turn               (no ring)
MPRegen 0.13/turn               (no ring)

@: no status effects
A: damage resistance, heal wounds, sense surroundings 1, no regeneration
a: Heal Wounds, Renounce Religion, Minor Destruction, Lesser Servant of Makhleb,
Major Destruction, Greater Servant of Makhleb


You were in the Dungeon.
You worshipped Makhleb.
Makhleb was extremely pleased with you.
You visited 1 branch

Inventory:

Hand Weapons
 b - a +2 hand axe of freezing (weapon)
 p - a +4 morningstar
Armour
 c - a +0 buckler (worn)
 f - a +2 plate armour (worn)
Scrolls
 j - a scroll of blinking
 l - 5 scrolls of amnesia
 m - a scroll of summoning
Potions
 d - a potion of might
 e - 6 potions of curing
 g - a potion of haste
 h - 4 potions of magic
 i - 2 potions of berserk rage
 k - 2 potions of invisibility


   Skills:
 + Level 6.7 Fighting
 + Level 7.7 Axes
 + Level 8.1 Armour
 + Level 8.2 Shields
 + Level 8.6 Invocations


You had 6 spell levels left.
You didn't know any spells.
Your spell library was empty.

Dungeon Overview and Level Annotations

Branches:
Dungeon (1/1)

Altars:
Ashenzari
Cheibriados
Dithmenos
Elyvilon
Fedhas
Gozag
Hepliaklqana
Kikubaaqudgha
Makhleb
Nemelex Xobeh
Okawaru
Qazlal
Ru
Sif Muna
Trog
Uskayaw
Vehumet
Wu Jian
Xom
Yredelemnul
Zin
The Shining One
Beogh
Jiyva
Lugonu


Innate Abilities, Weirdness & Mutations

You are resistant to damage.
You can heal yourself by infusing magical energy.
You passively map a small area around you.
You do not regenerate.


Message History

You hit the ice devil but do no damage.
The ice devil is lightly wounded.
The ice devil hits you. The ice devil freezes you!
* * * LOW HITPOINT WARNING * * *
You hit the ice devil but do no damage.
The ice devil is lightly wounded.
You block the ice devil's attack.
You feel much better. You block the ice devil's attack.
You feel much better.
The ice devil hits you but does no damage.
You hit the ice devil.
The ice devil is lightly wounded.
You block the ice devil's attack.
You hit the ice devil but do no damage.
The ice devil is lightly wounded.
The ice devil hits you. The ice devil freezes you!!
You barely miss the ice devil.
The ice devil is lightly wounded.
The ice devil hits you. The ice devil freezes you!
The ice devil hits you but does no damage.
There is an open door here.
Okay, then.
You feel much better. You block the ice devil's attack.
Okay, then.
Aiming: Major Destruction (4% risk of failure)
Press: ? - help, Shift-Dir - straight line, f - ice devil
Aim: an ice devil (lightly wounded)
The bolt of acid hits the ice devil!
The acid corrodes the ice devil!
The ice devil is moderately wounded.
You block the ice devil's attack.
Unknown command.
You hit the ice devil.
The ice devil is heavily wounded.
The ice devil hits you. The ice devil freezes you!
You hit the ice devil but do no damage.
The ice devil is heavily wounded.
The ice devil hits you!
* * * LOW HITPOINT WARNING * * *
The ice devil freezes you!!
You die...

#.#........##.......#
#'###########.......#*
#...)...# , #########*
#..###..# ** *
#.......# ,,
##.###.##+#,,, ,,
#.......#.+, , +
#..###..#'#, ,,*,
#......@4.# ,
###########


You could see an ice devil (corroded).

Vanquished Creatures
  A fire bat (D)
  Blork the orc (D)
  5 wights (D)
  An orc priest (D)
  An iron imp (D)
  An orc wizard (D)
  A mummy (D)
  A river rat (D)
  An adder (D)
  An ufetubus (D)
  3 orcs (D)
  A bat skeleton (D)
  A bat zombie (D)
  A quokka (D)
  A ball python skeleton (D)
  A bat (D)
  A frilled lizard (D)
23 creatures vanquished.

Notes
Turn   | Place    | Note
-------+----------+-------------------------------------------
     0 | D        | Groucho the Deep Dwarf Fighter began the quest for the Orb.
     0 | D        | Reached XP level 1. HP: 20/20 MP: 1/1
    46 | D        | Found a bloodstained altar of Trog.
    46 | D        | Found a shimmering blue altar of Sif Muna.
    46 | D        | Found a viscous altar of Jiyva.
    46 | D        | Found a hazy altar of Hepliaklqana.
    46 | D        | Found an opulent altar of Gozag.
    47 | D        | Found a glowing golden altar of the Shining One.
    47 | D        | Found a glowing silver altar of Zin.
    47 | D        | Found a basalt altar of Yredelemnul.
    47 | D        | Found a shimmering altar of Xom.
    47 | D        | Found an ornate altar of the Wu Jian Council.
    47 | D        | Found a sacrificial altar of Ru.
    47 | D        | Found a stormy altar of Qazlal.
    47 | D        | Found an iron altar of Okawaru.
    47 | D        | Found a sparkling altar of Nemelex Xobeh.
    47 | D        | Found a burning altar of Makhleb.
    47 | D        | Found a blossoming altar of Fedhas.
    47 | D        | Found a white marble altar of Elyvilon.
    47 | D        | Found a shadowy altar of Dithmenos.
    47 | D        | Found a snail-covered altar of Cheibriados.
    49 | D        | Found a radiant altar of Vehumet.
    49 | D        | Found a corrupted altar of Lugonu.
    50 | D        | Found a hide-covered altar of Uskayaw.
    50 | D        | Found an ancient bone altar of Kikubaaqudgha.
    50 | D        | Found a broken altar of Ashenzari.
    57 | D        | Became a worshipper of Makhleb the Destroyer
    93 | D        | Reached * piety under Makhleb
    94 | D        | Reached skill level 1 in Invocations
   101 | D        | Reached XP level 2. HP: 25/28 MP: 1/3
   126 | D        | Reached ** piety under Makhleb
   127 | D        | Reached XP level 3. HP: 28/36 MP: 3/5
   151 | D        | Reached *** piety under Makhleb
   164 | D        | Reached skill level 5 in Armour
   164 | D        | Reached skill level 5 in Shields
   164 | D        | Reached XP level 4. HP: 25/44 MP: 5/7
   235 | D        | Noticed Blork the orc
   250 | D        | Reached skill level 5 in Axes
   250 | D        | Reached skill level 5 in Invocations
   251 | D        | Noticed a fire bat
   252 | D        | Reached skill level 5 in Fighting
   252 | D        | Reached XP level 5. HP: 35/52 MP: 7/9
   266 | D        | Reached **** piety under Makhleb
   286 | D        | Killed Blork the orc
   287 | D        | Reached XP level 6. HP: 40/62 MP: 9/11
   295 | D        | Killed a fire bat
   295 | D        | Reached ***** piety under Makhleb
   342 | D        | Reached XP level 7. HP: 49/70 MP: 13/13
   359 | D        | Noticed an ice devil
   376 | D        | Slain by an ice devil

Illustrated notes

Levels and vault maps discovered:
D:        pitsprint [storerooms_1, entrance_room_1, metal_vault_3, armoury_3,
          mini_pit_1, grid_room_1, main_hall_1, silver_pit, the_coven_2,
          the_vestibule_1, steel_vault_5, golden_pit, hallway_of_sentries,
          crystal_vault_1, iron_vault_2, final_vault]

Skill      XL: |  1  2  3  4  5  6 |
---------------+-------------------+-----
Fighting       | 3 4 5 6 |  6.7
Invocations    | 1 3 4 5 7 8 |  8.6
Axes           | 3 4 5 6 7 |  7.7
Armour         | 4 5 6 7 8 |  8.1
Shields        | 4 5 6 7 8 |  8.2

Action                   |  1- 3 |  4- 6 |  7- 9 || total
-------------------------+-------+-------+-------++-------
Melee: War axe           |    64 |       |       ||    64
       Hand axe          |       |    59 |    15 ||    74
Invok: Major Destruction |       |       |     1 ||     1
  Use: Potion            |     1 |     3 |     3 ||     7
Armor: Scale mail        |    47 |       |       ||    47
       Plate armour      |       |    21 |     5 ||    26
Dodge: Dodged            |    50 |    17 |     1 ||    68
Block: Buckler           |    16 |     6 |     6 ||    28
